 Dungeon Crawl Stone Soup version 0.31-a0-233-g139696dc86 (webtiles) character file.

Game seed: 3140319792414199605

602 Decritt the Covered (level 7, -4/43 HPs)
             Began as a Gargoyle Fire Elementalist on July 8, 2023.
             Slain by an orc warrior
             ... wielding a +0 mace
              (5 damage)
             ... on level 3 of the Dungeon.
             The game lasted 00:12:27 (3514 turns).

Decritt the Covered (Gargoyle Fire Elementalist)    Turns: 3514, Time: 00:12:28

Health: -4/43      AC: 15    Str: 11    XL:     7   Next: 41%
Magic:  0/12       EV: 10    Int: 18    God:
Gold:   129        SH:  0    Dex: 10    Spells: 8/13 levels left

rFire   . . .        q - +0 hand axe
rCold   + . .        (no shield)
rNeg    + . .        k - +1 ring mail {rC+}
rPois   ∞            (no helmet)
rElec   +            (no cloak)
rCorr   +            c - +2 pair of gloves
SInv    .            (no boots)
Will    .....        (no amulet)
Stlth   +            x - ring of wizardry
HPRegen 0.27/turn    u - ring of resist corrosion
MPRegen 0.13/turn

%: wizardry (x1)
@: hasted, very quick
A: sickness immunity, AC +4, negative energy resistance 1, electricity
resistance, torment resistance 1, petrification resistance
a: no special abilities


You were on level 3 of the Dungeon.
You visited 1 branch of the dungeon, and saw 4 of its levels.

You collected 129 gold pieces.

Inventory:

Hand Weapons
 m - a +1 dagger of draining
 q - a +0 hand axe (weapon)
Missiles
 g - 13 poisoned darts (quivered)
Armour
 a - a +0 robe
 c - a +2 pair of gloves (worn)
 h - a +0 leather armour
 k - a +1 ring mail of cold resistance (worn)
Magical Staves
 d - a staff of death
Jewellery
 o - a ring of protection from cold
 u - a ring of resist corrosion (right hand)
 x - a ring of wizardry (left hand)
Wands
 i - a wand of flame (32)
Scrolls
 r - a scroll of noise {unknown}
 s - 2 scrolls of identify {unknown}
 t - a scroll of brand weapon {unknown}
 v - a scroll of summoning {unknown}
 w - a scroll of revelation {unknown}
Potions
 b - a potion of magic
 e - 2 potions of degeneration {unknown}
 f - a potion of curing {unknown}
 j - a potion of mutation {unknown}
 l - 2 potions of haste
 n - a potion of attraction {unknown}
 p - 3 potions of lignification {unknown}


   Skills:
 * Level 4.2 Fighting
 * Level 4.4 Armour
 - Level 1.5 Dodging
 - Level 2.1 Stealth
 + Level 3.5 Spellcasting
 - Level 1.1 Conjurations
 + Level 1.3 Translocations
 + Level 4.4 Fire Magic


You had 8 spell levels left.
You knew the following spells:

 Your Spells              Type           Power      Damage    Failure   Level
a - Foxfire               Conj/Fire      52%        2x1d6     4%          1
b - Scorch                Fire           38%        2d7       3%          2
z - Blink                 Tloc           14%        N/A       12%         2

Your spell library contained the following spells:

 Spells                   Type           Power      Damage    Failure   Level
 Magic Dart               Conj           28%        1d4       9%          1
 Lesser Beckoning         Tloc           14%        N/A       12%         2
 Momentum Strike          Conj/Tloc      14%        3d8       12%         2
 Volatile Blastmotes      Fire/Tloc      26%        2d12      13%         3
 Inner Flame              Hex/Fire       11%        N/A       16%         3
 Call Imp                 Summ           6%         N/A       21%         2
 Ensorcelled Hibernation  Hex/Ice        6%         N/A       21%         2
 Passwall                 Tmut/Erth      2%         N/A       21%         2
 Hailstorm                Conj/Ice       5%         3d4       32%         3
 Mephitic Cloud           Conj/Pois/Air  4%         N/A       32%         3
 Swiftness                Air            3%         N/A       38%         3
 Flame Wave               Conj/Fire      13%        2d6       38%         4
 Ice Form                 Ice/Tmut       3%         N/A       77%         4
 Simulacrum               Ice/Necr       1%         N/A       100%        6


Dungeon Overview and Level Annotations

Branches:
Dungeon (4/15)
 Temple: D:4-7

Altars:
Elyvilon


Innate Abilities, Weirdness & Mutations

You are immune to sickness and miasma.
Your stone body is resilient. (AC +4)
You are immune to poison.
You resist negative energy. (rN+)
You are resistant to electric shocks. (rElec)
You are resistant to unholy torment.
You are immune to petrification.


Message History

The orc warrior is heavily wounded.
The orc warrior barely misses you.
Casting: Foxfire (safe; 4% risk of failure)
Confirm with . or Enter, or press ? or * to list all spells.
Flames lash the orc warrior.
The orc warrior is almost dead.
The orc warrior's fire resistance burns away.
The orc warrior misses you.
The orc warrior hits you with a +0 mace.
* * * LOW HITPOINT WARNING * * *
Casting: Scorch (safe; 3% risk of failure)
Confirm with . or Enter, or press ? or * to list all spells.
Flames lash the orc warrior but do no damage.
The orc warrior hits you with a +0 mace.
* * * LOW HITPOINT WARNING * * *
The orc warrior completely misses you.
Casting: Scorch (safe; 3% risk of failure)
Confirm with . or Enter, or press ? or * to list all spells.
Flames lash the orc warrior.
The orc warrior is burned terribly!
The orc warrior is almost dead.
The orc warrior hits you but does no damage.
The orc warrior hits you with a +0 mace.
* * * LOW HITPOINT WARNING * * *
Casting: Scorch (safe; 3% risk of failure)
Confirm with . or Enter, or press ? or * to list all spells.
You don't have enough magic to cast this spell.
Casting: Scorch (safe; 3% risk of failure)
Confirm with . or Enter, or press ? or * to list all spells.
You conjure some foxfire!
The orc warrior hits you with a +0 mace.
* * * LOW HITPOINT WARNING * * *
The foxfire hits the orc warrior but does no damage.
The orc warrior is almost dead.
The foxfire hits the orc warrior but does no damage.
The orc warrior is almost dead.
The orc warrior hits you with a +0 mace!
* * * LOW HITPOINT WARNING * * *
It was a potion of haste.
You feel yourself speed up.
The orc warrior hits you with a +0 mace.
You die...

#.# #..#.........#
#.######..#.##..###.#
..........#......##.#
...#####....###..##.#
...# ##.#......##.#####
#..#####....###.........#
#...†..#.##.###.....#####
#..#####.##....§§####
................@######
#..#####.##..##.o.....#
#..##........##.#######
#..########..#..#
#............#.##
#.#########.##.# #.#
####)# #.# ##...# #.#
#..###


You could see an orc warrior (combustible).

Vanquished Creatures
  Eustachio (D:3)
  2 phantoms
  A hound (D:3)
  Jessica (D:3)
  Ijyb (D:2)
  An orc wizard (D:4)
  Natasha (thrice) (D:3)
  6 adders
  3 dart slugs
  2 orcs (D:4)
  3 bats
  9 endoplasms
  3 giant cockroaches (D:1)
  9 goblins
  7 hobgoblins
  2 jackals (D:3)
  A quokka (D:1)
  6 ball pythons
  7 frilled lizards
  6 kobolds
  6 rats
80 creatures vanquished.

Vanquished Creatures (others)
  231 foxfires
231 creatures vanquished.

Grand Total: 311 creatures vanquished

Notes
Turn   | Place    | Note
-------+----------+-------------------------------------------
     0 | D:1      | Decritt the Gargoyle Fire Elementalist began the quest for
                  | the Orb.
     0 | D:1      | Reached XP level 1. HP: 10/10 MP: 3/3
   240 | D:1      | Reached XP level 2. HP: 15/15 MP: 3/5
   601 | D:1      | Reached skill level 1 in Armour
   604 | D:1      | Reached XP level 3. HP: 11/20 MP: 2/6
   685 | D:1      | Reached skill level 1 in Fighting
   821 | D:2      | Found a faded altar of an unknown god.
  1055 | D:2      | Reached XP level 4. HP: 25/25 MP: 4/7
  1602 | D:3      | Noticed a phantom
  1642 | D:3      | Killed a phantom
  1643 | D:3      | Reached XP level 5. HP: 27/31 MP: 0/9
  1740 | D:3      | Noticed Natasha
  1757 | D:3      | Killed Natasha
  1834 | D:3      | Noticed Natasha
  1864 | D:3      | Killed Natasha
  1865 | D:3      | Reached XP level 6. HP: 4/37 MP: 0/10
  1997 | D:3      | Noticed Ijyb
  1999 | D:3      | Noticed Jessica
  2036 | D:2      | Killed Ijyb
  2141 | D:2      | Learned a level 2 spell: Scorch
  2312 | D:3      | Noticed Natasha
  2320 | D:3      | Killed Natasha
  2784 | D:3      | Killed Jessica
  2936 | D:4      | Noticed Eustachio
  2965 | D:3      | Killed Eustachio
  2966 | D:3      | Reached skill level 1 in Translocations
  2966 | D:3      | Reached XP level 7. HP: 26/42 MP: 0/12
  3120 | D:4      | Found a white marble altar of Elyvilon.
  3309 | D:4      | Learned a level 2 spell: Blink
  3513 | D:3      | HP: 1/43 [orc warrior/+0 mace (7)]
  3514 | D:3      | Slain by an orc warrior

Illustrated notes

Levels and vault maps discovered:
D:1:      dpeg_arrival_long_road, layout_rooms,
          hangedman_abyss_or_decor_lesser_grid, minmay_misc_feat_enclosed
D:2:      layout_loops_ring, basic_ecumenical_altar
D:3:      layout_basic, uniq_natasha, uniq_ijyb, uniq_jessica
D:4:      cheibrodos_old_hovel, layout_basic, nicolae_overflow_crystal_walls,
          minmay_temple_entry_fiery, minmay_fractal_squares_diagonal_5,
          uniq_crazy_yiuf_cottage, uniq_eustachio, uniq_edmund

Skill      XL: |  1  2  3  4  5  6  7 |
---------------+----------------------+-----
Armour         | 1 2 3 4 |  4.4
Fighting       | 1 2 3 4 |  4.2
Spellcasting   | 3 |  3.5
Fire Magic     | 4 |  4.4
Translocations | 1 |  1.3
Dodging        | |  1.5
Stealth        | |  2.1
Conjurations   | |  1.1

Action                     |  1- 3 |  4- 6 |  7- 9 || total
---------------------------+-------+-------+-------++-------
  Melee: Staff             |    41 |    58 |       ||    99
         Punch             |       |     1 |     1 ||     2
         Hand axe          |       |    10 |    35 ||    45
   Cast: Foxfire           |    44 |    57 |    33 ||   134
         Scorch            |       |    13 |     9 ||    22
    Use: Scroll            |       |     2 |       ||     2
         Potion            |       |       |     1 ||     1
 Armour: Robe              |     7 |       |       ||     7
         Leather armour    |    11 |       |       ||    11
         Ring mail         |    30 |   111 |    35 ||   176
  Dodge: Dodged            |    35 |    77 |    43 ||   155

Table legend: (Time is in decaauts)
 A = Elapsed time spent in this place.
 B = Non-inter-level travel time spent in this place.
 C = Inter-level travel time spent in this place.
 D = Time resting spent in this place.
 E = Time spent auto-exploring this place.
 F = Levels seen in this place.
 G = Mean time per level.
                   A        B        C        D        E       F      G
               +--------+--------+--------+--------+--------+-----+--------+
         Total |   3551 |   3470 |     81 |    453 |   2105 |   4 |  887.8 |
       Dungeon |   3551 |   3470 |     81 |    453 |   2105 |   4 |  887.8 |
               +--------+--------+--------+--------+--------+-----+--------+

Top non-repeatable levels by time:
     D:3: 1347 daAuts
     D:2: 970 daAuts
     D:1: 768 daAuts
     D:4: 466 daAuts
